 Dungeon Crawl Stone Soup version 0.17.0 (webtiles) character file.

94021 Eucla the Tortoise (level 15, -4/141 HPs)
             Began as a Minotaur Gladiator on Nov 14, 2015.
             Killed by divine providence
             ... invoked by an orc priest
              (10 damage)
             ... on level 4 of the Orcish Mines.
             The game lasted 00:44:54 (23985 turns).

Eucla the Tortoise (Minotaur Gladiator)            Turns: 23985, Time: 00:44:54

Health: -4/141     AC:  9    Str: 25    XL:     15   Next: 62%
Magic:  0/20       EV: 17    Int:  5    God:
Gold:   2010       SH:  8    Dex: 19    Spells: 0 memorised, 14 levels left

rFire  + + .     SeeInvis .     y - +4 broad axe (venom)
rCold  + + +     Clarity  .     z - +2 plate armour {rF+}
rNeg   + . .     SustAt   .     n - +2 buckler {rF+}
rPois  +         Gourm    .     C - +2 hat of the Bear Spirit {Spirit, +Rage rN+ MR++}
rElec  .         Spirit   +     (no cloak)
rCorr  .         Warding  .     k - +1 pair of gloves {rC+}
rMut   .         Stasis   .     R - +0 pair of boots "Sappagar" {rC++}
MR     +++..                    l - amulet of faith
Stlth  ..........               r - ring of poison resistance
                                Z - +5 ring of strength

@: corroded equipment, extremely resistant to hostile enchantments, extremely
unstealthy
A: retaliatory headbutt, horns 2, slimy green scales 1, yellow scales 1, agile
1, breathe flames 1, cold resistance 1
a: Breathe Fire, Evoke Berserk Rage


You were on level 4 of the Orcish Mines.
You were not hungry.

You visited 3 branches of the dungeon, and saw 27 of its levels.
You also visited: Labyrinth, Ice Cave and Volcano.

You collected 2503 gold pieces.
You spent 493 gold pieces at shops.

Inventory:

Hand Weapons
 y - a +4 broad axe of venom (weapon)
Missiles
 d - 6 throwing nets (quivered)
Armour
 k - a +1 pair of gloves of cold resistance (worn)
 n - a +2 buckler of fire resistance (worn)
 z - a +2 plate armour of fire resistance (worn)
 C - the +2 hat of the Bear Spirit (worn) {Spirit, +Rage rN+ MR++}
   (You found it on level 3 of the Orcish Mines)

   It protects you from negative energy.
   It affects your resistance to hostile enchantments.
   It lets you go berserk.
 O - a +2 hat
 R - the +0 pair of boots "Sappagar" (worn) {rC++}
   (You found it on level 4 of the Lair of Beasts)

   It greatly protects you from cold.
Rods
 s - a +0 rod of destruction (9/9)
   (You found it on level 15 of the Dungeon)
Jewellery
 l - an amulet of faith (around neck)
 r - a ring of poison resistance (right hand)
 H - a +3 ring of protection
 Z - a +5 ring of strength (left hand)
Wands
 i - a wand of fire (6)
 t - a wand of disintegration (10)
 M - a wand of teleportation (5)
Scrolls
 a - a scroll of recharging
 b - 10 scrolls of identify
 g - 18 scrolls of remove curse
 j - 8 scrolls of teleportation
 m - 5 scrolls of fear
 p - 3 scrolls of magic mapping
 D - 4 scrolls of enchant weapon
 G - 5 scrolls of fog
 U - 6 scrolls of enchant armour
Potions
 c - 2 potions of resistance
 u - 15 potions of curing
 A - a potion of magic
 E - 2 potions of brilliance
 F - 2 potions of invisibility
 I - 2 potions of agility
 K - a potion of berserk rage
 T - a potion of haste
 X - a potion of might
Miscellaneous
 f - a box of beasts {used: 1}
 v - a stone of tremors
 w - a stone of tremors
 J - a phantom mirror
 N - a plain deck of wonders
 P - an ornate deck of defence {drawn: 1}
 W - a sack of spiders
Comestibles
 e - 19 bread rations
 B - 5 meat rations


   Skills:
 * Level 15.3 Fighting
 * Level 15.5 Axes
 - Level 2.0 Throwing
 * Level 15.6 Armour
 * Level 14.3 Dodging
 - Level 5.0 Shields
   Level 8.8 Invocations
 + Level 2.8 Evocations


You had 14 spell levels left.
You didn't know any spells.

Dungeon Overview and Level Annotations

Branches:
Dungeon (15/15)            Temple (0/1) D:6            Lair (8/8) D:10
 Shoals (0/4) Lair:6       Spider (0/4) Lair:4        Slime (0/6) Lair:6
    Orc (4/4) D:12         Vaults (0/5) D:14         Depths (0/5) D:15
    Elf: Orc:3-4

Altars:
Ashenzari
Cheibriados
Dithmenos
Elyvilon
Fedhas
Gozag
Makhleb
Nemelex Xobeh
Okawaru
Qazlal
Ru
Sif Muna
Trog
Yredelemnul
Zin
The Shining One
Jiyva

Shops:
D:5 %   D:6 %   D:9 *   D:14 *

Portals:
Trove: D:11 (give horn of Geryon)

Annotations:
Lair:2 exclusion: oklob plant


Innate Abilities, Weirdness & Mutations

You reflexively headbutt those who attack you in melee.
You have a pair of horns on your head.
You are partially covered in slimy green scales (AC +2).
You are partially covered in yellow scales (AC +2).
You are agile. (Dex +2)
You can breathe flames.
Your flesh is cold resistant.


Message History

Really renounce your faith, foregoing its fabulous benefits?
Are you sure you won't change your mind later?
You have lost your religion!
Makhleb does not appreciate desertion!
The orc knight roars a battlecry!
The orcs go into a battle-frenzy!
You block the orc knight's attack. You block the orc wizard's attack.
You block the orc priest's attack.
The orange demon stings you but does no damage.
The orc warlord roars a battlecry!
The orcs go into a battle-frenzy!
The orc warlord hits you but does no damage.
The rust devil hits you. The rust devil corrodes you!
Unknown command.
The orc hits you from afar with a trident!
* * * LOW HITPOINT WARNING * * *
You block the orc knight's attack.
The orc priest calls down the wrath of Beogh upon you.
Something smites you!
You die...

#.........#
#......... #.........
.....ooo
#############..o4o###
.........#....4oooo.
..............o4oo##
..............o)oo.##
(..............o@3..#
....................#
........#........#.##
....))).............#
#....))..........#.##
###..............#.##
##................#
##.............#.##
###...#.##..#....###


You could see an orc warlord, an orc knight (frenzied), an ice devil, an orc
high priest (frenzied), an orange demon, a rust devil, a sixfirhy, an orc
sorcerer, 4 orc warriors, 5 orc priests, an orc wizard (frenzied) and 2 orcs.

Vanquished Creatures
  Gastronok (Lair:2)
  Maud (Lair:8)
  A very ugly thing (D:15)
  An ettin (D:15)
  Snorg (D:10)
  The ghost of Eucla the Fighter, a journeyman MiFi of Okawaru (Lair:3)
  A minotaur (Lab)
  4 hydras
  A centaur warrior (D:14)
  3 ogre magi
  An orc high priest (Orc:4)
  A deep elf knight (D:15)
  6 death yaks (Lair:8)
  A wizard (D:14)
  A fire crab (shapeshifter) (D:15)
  A hell knight (D:15)
  The ghost of patrick the Covert, a novice SpEn of Dithmenos (D:10)
  Pikel (D:6)
  9 hill giants
  A necromancer (IceCv)
  A deep elf conjurer (D:15)
  13 ugly things
  The ghost of gg19 the Transmogrifier, a novice MfTm (D:5)
  2 cyclopes
  A wolf spider (D:15)
  2 griffons
  A centaur zombie (D:12)
  6 black mambas
  14 elephants
  An ice statue (IceCv)
  A gargoyle (D:15)
  7 komodo dragons
  10 spiny frogs
  A fire drake (Lair:8)
  3 polar bears (Lair:8)
  A deep elf priest (D:15)
  10 freezing wraiths (IceCv)
  A spriggan druid (Lair:8)
  A jumping spider (shapeshifter) (D:13)
  5 trolls
  10 two-headed ogres
  10 blink frogs
  7 redbacks (Lair:8)
  9 spriggans
  A wraith (D:15)
  2 deep elf fighters (D:15)
  52 yaks
  Eustachio (D:6)
  3 fire bats (Lair:4)
  5 basilisks
  A death yak simulacrum (IceCv)
  4 deep elf magi
  5 hogs (Lair:5)
  33 wolves
  11 hippogriffs
  The ghost of Senshi the Skirmisher, an amateur GrMo (D:3)
  10 vampire mosquitoes
  A soldier ant (D:12)
  17 water moccasins
  11 ice beasts
  15 orc warriors
  12 porcupines
  5 sky beasts
  A phantom (D:5)
  2 slaves (D:6)
  5 wasps
  6 black bears
  17 centaurs
  A swamp drake (Orc:3)
  9 crocodiles
  A big kobold (D:9)
  9 ogres
  A brain worm (Lair:7)
  Blork the orc (D:6)
  18 giant frogs
  An earth elemental (Lab)
  7 scorpions
  A wyvern skeleton (D:10)
  A swamp dragon simulacrum (IceCv)
  An elephant simulacrum (IceCv)
  19 killer bees
  4 wights (D:9)
  5 electric eels
  A spriggan skeleton (Lab)
  5 crimson imps
  3 giant frog zombies
  2 quasits
  5 hounds
  16 orc priests
  8 jellies
  8 centaur skeletons
  Ijyb (D:2)
  An iron imp (Orc:3)
  8 draconian simulacra (IceCv)
  9 worker ants
  2 giant frog skeletons
  6 iguanas
  25 orc wizards
  Terence (D:2)
  Natasha (thrice) (D:2)
  A polar bear simulacrum (IceCv)
  5 troll simulacra (IceCv)
  A centaur simulacrum (IceCv)
  31 sheep
  2 ogre skeletons (Lab)
  3 hound skeletons
  A worker ant zombie (D:5)
  2 naga simulacra (IceCv)
  18 gnolls
  28 river rats
  10 adders
  4 ogre simulacra (IceCv)
  13 white imps
  3 shadow imps
  An ooze (D:2)
  2 adder skeletons
  2 worms
  3 giant geckos
  127 orcs
  2 ball pythons
  6 bats
  5 giant cockroaches
  14 goblins
  7 hobgoblins
  11 jackals
  12 kobolds
  5 quokkas
  2 giant newts
  A quokka skeleton (D:9)
  A quokka zombie (D:6)
  12 rats
  5 fungi
  10 plants
910 creatures vanquished.

Vanquished Creatures (collateral kills)
  Kirke (Lair:5)
  The ghost of Monkaria the Severer, a journeyman DDCK of Makhleb (Lair:1)
  A hydra (D:13)
  An orc knight (Orc:4)
  A hippogriff (Lair:3)
  2 sheep (Lair:8)
7 creatures vanquished.

Vanquished Creatures (others)
  Erolcha (D:9)
  A giant frog (D:6)
  7 fungi
  2 plants (Lair:8)
11 creatures vanquished.

Grand Total: 928 creatures vanquished

Notes
Turn   | Place    | Note
--------------------------------------------------------------
     0 | D:1      | Eucla the Minotaur Gladiator began the quest for the Orb.
     0 | D:1      | Reached XP level 1. HP: 18/18 MP: 0/0
   250 | D:1      | Reached XP level 2. HP: 12/25 MP: 1/1
   709 | D:2      | Noticed Natasha
   712 | D:2      | Killed Natasha
   712 | D:2      | Reached skill level 4 in Axes
   712 | D:2      | Reached skill level 1 in Armour
   712 | D:2      | Reached XP level 3. HP: 29/31 MP: 2/2
   765 | D:2      | Noticed Terence
   778 | D:2      | Killed Terence
   778 | D:2      | Reached XP level 4. HP: 25/38 MP: 3/3
   876 | D:2      | Noticed Natasha
   887 | D:2      | Killed Natasha
   931 | D:2      | Noticed Natasha
   934 | D:2      | Killed Natasha
  1428 | D:2      | Noticed Ijyb
  1433 | D:2      | Reached XP level 5. HP: 41/46 MP: 4/4
  1437 | D:2      | Killed Ijyb
  1644 | D:2      | Found a burning altar of Makhleb.
  1818 | D:2      | Became a worshipper of Makhleb the Destroyer
  1854 | D:3      | Noticed Senshi's ghost (amateur GrMo)
  1873 | D:3      | Killed Senshi's ghost
  1873 | D:3      | Reached skill level 5 in Axes
  1873 | D:3      | Reached XP level 6. HP: 22/52 MP: 5/5
  2076 | D:3      | Reached skill level 5 in Dodging
  2526 | D:3      | Found a sacrificial altar of Ru.
  2756 | D:4      | Found a snail-covered altar of Cheibriados.
  2792 | D:4      | Reached * piety under Makhleb
  3008 | D:4      | Found a deep blue altar of Sif Muna.
  3243 | D:5      | Entered Level 5 of the Dungeon
  3269 | D:4      | Reached skill level 1 in Invocations
  3269 | D:4      | Reached XP level 7. HP: 37/60 MP: 6/6
  3432 | D:5      | Reached skill level 5 in Fighting
  3501 | D:5      | Reached skill level 6 in Axes
  3813 | D:5      | Found a shattered altar of Ashenzari.
  3878 | D:5      | Noticed gg19's ghost (novice MfTm)
  3930 | D:5      | Killed gg19's ghost
  3930 | D:5      | Reached skill level 5 in Armour
  3930 | D:5      | Reached XP level 8. HP: 37/70 MP: 8/8
  3937 | D:5      | Gained mutation: You can breathe flames. [potion of mutation]
  3937 | D:5      | Gained mutation: You are partially covered in yellow scales (AC +2). [potion of mutation]
  3937 | D:5      | Gained mutation: You are agile. (Dex +2) [potion of mutation]
  4277 | D:5      | Found a shadowy altar of Dithmenos.
  4301 | D:5      | Gained mutation: You are partially covered in slimy green scales (AC +2). [potion of beneficial mutation]
  4309 | D:5      | Reached skill level 7 in Axes
  4309 | D:5      | HP: 2/70 [orc priest/divine providence (15)]
  4310 | D:5      | Reached ** piety under Makhleb
  5246 | D:5      | Found Qasen's Food Shoppe.
  5348 | D:6      | Noticed Eustachio
  5762 | D:6      | Reached XP level 9. HP: 71/79 MP: 10/10
  5800 | D:6      | Killed Eustachio
  5895 | D:6      | Found Sampidul's Food Emporium.
  5911 | D:6      | Noticed Pikel
  5923 | D:6      | Killed Pikel
  5923 | D:6      | Reached skill level 8 in Axes
  5997 | D:6      | Found a burning altar of Makhleb.
  6017 | D:6      | Found a blossoming altar of Fedhas.
  6235 | D:6      | Found a staircase to the Ecumenical Temple.
  6378 | D:6      | Reached *** piety under Makhleb
  6410 | D:6      | Found an opulent altar of Gozag.
  6506 | D:6      | Noticed Blork the orc
  6516 | D:6      | Killed Blork the orc
  7040 | D:7      | Found an iron altar of Okawaru.
  7392 | D:7      | Found a glowing golden altar of the Shining One.
  7462 | D:8      | Found a glowing silver altar of Zin.
  7550 | D:8      | Found a stormy altar of Qazlal.
  7706 | D:8      | Found a bloodstained altar of Trog.
  7790 | D:8      | Reached XP level 10. HP: 85/90 MP: 12/12
  8002 | D:9      | Reached skill level 9 in Axes
  8217 | D:9      | Reached **** piety under Makhleb
  8243 | D:9      | Found Afaifopi's Assorted Antiques.
  8251 | D:9      | Bought a scroll labeled TOHAQU ZIUME for 29 gold pieces
  8251 | D:9      | Bought a gilded ring for 145 gold pieces
  8251 | D:9      | Bought a glowing broad axe for 116 gold pieces
  8251 | D:9      | Bought a glowing broad axe for 116 gold pieces
  8251 | D:9      | Bought a potion of curing for 87 gold pieces
  8916 | D:9      | Found a sparkling altar of Nemelex Xobeh.
  8916 | D:9      | Noticed Erolcha
  8918 | D:9      | Paralysed by Erolcha for 7 turns
  8932 | D:9      | Killed Erolcha
  8932 | D:9      | Reached skill level 10 in Axes
  9429 | D:10     | Entered Level 10 of the Dungeon
  9567 | D:10     | Reached skill level 10 in Fighting
  9567 | D:10     | Reached skill level 5 in Invocations
  9682 | D:10     | Noticed a hill giant
  9691 | D:10     | Killed a hill giant
  9691 | D:10     | Reached XP level 11. HP: 99/99 MP: 13/13
  9704 | D:10     | Noticed a hill giant
  9712 | D:10     | Killed a hill giant
  9727 | D:10     | Noticed patrick's ghost (novice SpEn)
  9742 | D:10     | Killed patrick's ghost
  9854 | D:10     | Found a staircase to the Lair.
  9924 | D:10     | Noticed a hill giant
  9926 | D:10     | Noticed Snorg
  9939 | D:10     | Killed a hill giant
  9939 | D:10     | Reached skill level 10 in Armour
  9944 | D:10     | Killed Snorg
  9944 | D:10     | Reached skill level 10 in Dodging
 10166 | Lair:1   | Entered Level 1 of the Lair of Beasts
 10197 | Lair:1   | Reached ***** piety under Makhleb
 10198 | Lair:1   | Noticed Monkaria's ghost (journeyman DDCK)
 10214 | Lair:1   | Killed Monkaria's ghost
 10724 | Lair:2   | Noticed Gastronok
 10743 | Lair:2   | Killed Gastronok
 10743 | Lair:2   | Reached skill level 11 in Fighting
 11544 | Lair:2   | Noticed a seven-headed hydra
 11561 | Lair:2   | Killed an 11-headed hydra
 11561 | Lair:2   | Reached XP level 12. HP: 44/110 MP: 15/15
 12574 | Lair:3   | Noticed Eucla's ghost (journeyman MiFi)
 12615 | Lair:3   | Killed Eucla's ghost
 13302 | Lair:4   | Found a dark tunnel.
 13333 | Volcano  | Entered a volcano
 13388 | Volcano  | Noticed an ogre mage
 13388 | Volcano  | Reached skill level 12 in Axes
 13394 | Volcano  | Killed an ogre mage
 13654 | Lair:4   | Reached skill level 1 in Shields
 13829 | Lair:4   | Got a pair of twisted boots
 13835 | Lair:4   | Identified the cursed +0 pair of boots "Sappagar" {rC++} (You found it on level 4 of the Lair of Beasts)
 13890 | Lair:4   | Found a hole to the Spider Nest.
 14475 | Lair:5   | Reached ****** piety under Makhleb
 14632 | Lair:5   | Noticed Kirke
 14652 | Lair:5   | Killed Kirke
 14867 | Lair:5   | Reached XP level 13. HP: 119/119 MP: 17/17
 15052 | Lair:5   | Noticed a four-headed hydra
 15062 | Lair:5   | Killed an eight-headed hydra
 15119 | Lair:6   | Found a deep blue altar of Sif Muna.
 15218 | Lair:6   | Reached skill level 5 in Shields
 15281 | Lair:6   | Found a staircase to the Shoals.
 15658 | Lair:6   | Found a viscous altar of Jiyva.
 15658 | Lair:6   | Found a staircase to the Slime Pits.
 15900 | Lair:6   | Found a sacrificial altar of Ru.
 16068 | Lair:7   | Reached skill level 13 in Axes
 16116 | Lair:7   | Found a labyrinth entrance.
 16129 | Lab      | Entered a labyrinth
 16311 | Lab      | Got a fine marble ring
 16880 | Lair:7   | Identified the ring "Ifawoerae" {+Inv Int+3} (You found it in a labyrinth)
 17124 | Lair:8   | Entered Level 8 of the Lair of Beasts
 17436 | Lair:8   | Noticed Maud
 17448 | Lair:8   | Killed Maud
 17472 | Lair:8   | Reached XP level 14. HP: 129/129 MP: 19/19
 17717 | Lair:8   | Reached skill level 14 in Armour
 18958 | D:11     | Found a portal to a secret trove of treasure.
 19760 | D:12     | Found a staircase to the Orcish Mines.
 21057 | D:14     | Found a basalt altar of Yredelemnul.
 21085 | D:14     | Found Xiwniddau's Assorted Antiques.
 21111 | D:14     | Reached skill level 15 in Armour
 21158 | D:14     | Reached skill level 1 in Evocations
 21338 | D:14     | Found a gate to the Vaults.
 21360 | D:15     | Entered Level 15 of the Dungeon
 21432 | D:15     | Reached XP level 15. HP: 127/139 MP: 20/20
 21483 | D:15     | Found a frozen archway.
 21538 | IceCv    | Entered an ice cave
 21762 | IceCv    | Found an ancient bone altar of Kikubaaqudgha.
 21807 | IceCv    | Identified the Volume of the Frostbite and Confrontation
 21898 | IceCv    | Reached skill level 15 in Axes
 21955 | IceCv    | Gained mutation: Your flesh is cold resistant. [potion of beneficial mutation]
 22320 | D:15     | Found a white marble altar of Elyvilon.
 22516 | D:15     | Reached skill level 15 in Fighting
 22542 | D:15     | Found a staircase to the Depths.
 23003 | Orc:1    | Entered Level 1 of the Orcish Mines
 23817 | Orc:4    | Entered Level 4 of the Orcish Mines
 23984 | Orc:4    | Fell from the grace of Makhleb
 23985 | Orc:4    | HP: 6/141 [orc/trident (7)]
 23985 | Orc:4    | Killed from afar by an orc priest

Action                   |  1- 3 |  4- 6 |  7- 9 | 10-12 | 13-15 || total
-------------------------+-------+-------+-------+-------+-------++-------
Melee: War axe           |    12 |       |       |       |       ||    12
       Hand axe          |    31 |   150 |   415 |    94 |       ||   690
       Broad axe         |       |       |       |   483 |  1143 ||  1626
       Unarmed           |       |       |       |     5 |       ||     5
Invok: Major Destruction |       |       |       |     3 |       ||     3
       Minor Destruction |       |       |       |     2 |       ||     2
       Lesser Servant of |       |       |       |     6 |     3 ||     9
       Greater Servant o |       |       |       |       |     1 ||     1
       Renounce Religion |       |       |       |       |     1 ||     1
 Abil: Breathe Fire      |       |       |     1 |       |       ||     1
Evoke: Wand              |       |       |     2 |     5 |     3 ||    10
       Deck              |       |       |       |       |     1 ||     1
       Box of beasts     |       |       |       |       |     1 ||     1
  Use: Potion            |       |     2 |    12 |     1 |     7 ||    22
       Scroll            |       |       |       |    26 |     5 ||    31
 Stab: Distracted        |       |       |       |     1 |       ||     1
       Confused          |       |       |       |       |     1 ||     1
  Eat: Chunk             |       |     7 |     3 |     7 |     9 ||    26
       Meat ration       |       |       |     1 |     2 |     3 ||     6
       Beef jerky        |       |       |     3 |     4 |       ||     7
       Fruit             |       |       |     3 |       |     8 ||    11
       Pizza             |       |       |       |     1 |     2 ||     3
